 Dungeon Crawl Stone Soup version 0.31-a0-538-gbc85326fa9 (webtiles) character file.

Game seed: 3387609132378438792

6290 Crownlay the Carver (level 10, -5/88 HPs)
             Began as a Hill Orc Fighter on Aug 13, 2023.
             Was a Priest of Okawaru.
             Slain by a troll (15 damage)
             ... on level 10 of the Dungeon.
             The game lasted 00:22:34 (7936 turns).

Crownlay the Carver (Hill Orc Fighter)              Turns: 7936, Time: 00:22:35

Health: -5/88      AC:  9    Str: 24    XL:     10   Next: 94%
Magic:  14/15      EV: 10    Int:  8    God:    Okawaru [***...]
Gold:   516        SH:  5    Dex: 10    Spells: 9/9 levels left

rFire   . . .        j - +7 Throatcutter {drain, coup de grace}
rCold   . . .        c - +0 buckler
rNeg    . . .        f - +3 leather armour
rPois   .            h - +1 hat
rElec   .            k - +0 cloak
rCorr   +            (no gloves)
SInv    .            F - +0 pair of boots
Will    .....        (no amulet)
Stlth   +            m - ring of resist corrosion
HPRegen 0.34/turn    J - +4 ring of slaying
MPRegen 0.14/turn

%: no passive effects
@: no status effects
A: no striking features
a: Renounce Religion, Heroism


You were on level 10 of the Dungeon.
You worshipped Okawaru.
Okawaru was most pleased with you.
You visited 2 branches of the dungeon, and saw 11 of its levels.

You collected 691 gold pieces.
You spent 175 gold pieces at shops.

Inventory:

Hand Weapons
 a - a +1 war axe
 j - the +7 Throatcutter (weapon) {drain, coup de grace}
   (You found it on level 2 of the Dungeon)
 r - a +2 morningstar
Missiles
 p - 4 boomerangs (quivered)
 v - 3 poisoned darts
Armour
 c - a +0 buckler (worn)
 f - a +3 leather armour (worn)
 h - a +1 hat (worn)
 k - a +0 cloak (worn)
 F - a +0 pair of boots (worn)
Jewellery
 m - a ring of resist corrosion (left hand)
 H - a ring of ice
 J - a +4 ring of slaying (right hand)
Wands
 w - a wand of paralysis (14)
 x - a wand of mindburst (15)
 E - a wand of flame (39)
Scrolls
 b - 6 scrolls of enchant weapon
 g - 2 scrolls of poison
 i - 2 scrolls of fear
 n - a scroll of revelation {unknown}
 u - a scroll of amnesia {unknown}
 y - 2 scrolls of blinking
 A - a scroll of vulnerability {unknown}
 B - a scroll of summoning {unknown}
 D - a scroll of enchant armour {unknown}
 I - a scroll of teleportation {unknown}
Potions
 d - a potion of might
 e - 2 potions of curing
 l - 3 potions of haste
 o - 3 potions of enlightenment
 q - 2 potions of resistance
 s - a potion of brilliance {unknown}
 t - 2 potions of mutation
 z - a potion of lignification {unknown}
 C - a potion of attraction {unknown}
 G - a potion of heal wounds {unknown}


   Skills:
 + Level 7.7 Fighting
 * Level 12.6 Long Blades
 - Level 4.4 Axes
 - Level 2.0 Throwing
 - Level 3.2 Armour
 + Level 8.5 Shields
 + Level 7.0 Invocations


You had 9 spell levels left.
You didn't know any spells.
Your spell library contained the following spells:

 Spells                   Type           Power      Damage    Failure   Level
 Magic Dart               Conj           0%         1d3       50%         1
 Shock                    Conj/Air       0%         1d3       50%         1
 Blink                    Tloc           0%         N/A       65%         2
 Wereblood                Tmut           0%         N/A       65%         2
 Mephitic Cloud           Conj/Pois/Air  0%         N/A       86%         3
 Swiftness                Air            0%         N/A       86%         3
 Airstrike                Air            0%         2d(0-16)  99%         4
 Cause Fear               Hex            0%         N/A       99%         4
 Manifold Assault         Tloc           0%         N/A       99%         4
 Passage of Golubria      Tloc           0%         N/A       99%         4
 Fireball                 Conj/Fire      0%         3d3       100%        5
 Irradiate                Conj/Tmut      0%         3d11      100%        5
 Yara's Violent Unravell  Hex/Tmut       0%         3d3       100%        5
 Call Imp                 Summ           Unusable   N/A       N/A         2
 Tukima's Dance           Hex            Unusable   N/A       N/A         3
 Dragon's Call            Summ           Unusable   N/A       N/A         9

Dungeon Overview and Level Annotations

Branches:
Dungeon (10/15)            Temple (1/1) D:7
   Lair: D:8-11         Orc: D:9-12

Altars:
Cheibriados
Dithmenos
Elyvilon
Fedhas
Gozag
Hepliaklqana
Kikubaaqudgha
Makhleb
Nemelex Xobeh
Okawaru
Qazlal
Ru
Sif Muna
Trog
Vehumet
Wu Jian
Xom
Yredelemnul
Zin
The Shining One

Shops:
D:9 ?


Message History

You hear the faint creaking of a portcullis nearby.
The two-headed ogre shouts in stereo!
Aiming: Paralyse
Press: ? - help, Shift-Dir - straight line, f - two-headed ogre
Aim: a two-headed ogre, wielding a +0 giant spiked club and a +0 giant club (chance to affect: 31%)
The two-headed ogre suddenly stops moving!
A troll comes into view.
The troll shouts!
Something shouts, "Crawl home, thou currish roguish cross-patch!"
The helpless two-headed ogre fails to defend itself.
You hit the two-headed ogre.
The two-headed ogre is lightly wounded.
The helpless two-headed ogre fails to defend itself.
You slash the two-headed ogre!
The two-headed ogre is moderately wounded.
The helpless two-headed ogre fails to defend itself.
You slash the two-headed ogre! You drain the two-headed ogre!
The two-headed ogre is severely wounded.
The helpless two-headed ogre fails to defend itself.
You slice the two-headed ogre!!
You kill the two-headed ogre!
Okawaru is honoured by your kill. Okawaru grants you throwing weapons!
Something appears at your feet! The troll bites you!
* * * LOW HITPOINT WARNING * * *
The troll barely misses you. The troll claws you!
* * * LOW HITPOINT WARNING * * *
Your Invocations skill increases to level 7!
You feel better. The troll bites you!
* * * LOW HITPOINT WARNING * * *
The troll barely misses you. x2
You feel better. You block the troll's attack. The troll closely misses you.
You block the troll's attack.
You completely miss the troll. The troll closely misses you.
The troll barely misses you. You block the troll's attack.
You barely miss the troll. The troll closely misses you. The troll claws you.
* * * LOW HITPOINT WARNING * * *
You block the troll's attack.
You barely miss the troll. The troll bites you!
You die...

............###.#..##.
... ......####.#.##..
.... #...#.#..####.#
...# ##....#...# ###
..##.#.#.#..## . .
#.##.###.#..## ## ...
##...## ##.##.#####
.....#.T.## #####.....
......)@#.#
##.#.###..#
.....##.###
#.#.#..##.. #### ##.
#..#.....# ##
###...#..#.
#...<..#...
#.$#..#....# ##
####.##...## #.#
###...#..#.##. ..
#...##...###.ยง


You could see a troll.

Vanquished Creatures
  A two-headed ogre (D:10)
  A death yak (D:10)
  4 trolls
  A polar bear (D:10)
  Prince Ribbit (D:6)
  Sigmund (D:5)
  A wraith (D:9)
  3 steam dragons
  2 water moccasins
  5 ice beasts
  3 orc warriors
  4 centaurs
  A phantom (D:7)
  6 bullfrogs
  2 scorpions
  10 wights
  7 orc priests
  Crazy Yiuf (D:2)
  2 hounds (D:6)
  2 jellies
  5 iguanas
  5 orc wizards
  A sleepcap (D:7)
  Robin (D:2)
  3 adders
  5 white imps
  An ufetubus (D:6)
  A worm (D:2)
  4 dart slugs
  32 orcs
  7 bats
  6 endoplasms
  3 giant cockroaches
  15 goblins
  9 hobgoblins
  2 quokkas
  5 ball pythons
  3 frilled lizards (D:1)
  5 kobolds
  4 rats
  A spectral orc (D:4)
176 creatures vanquished.

Notes
Turn   | Place    | Note
-------+----------+-------------------------------------------
     0 | D:1      | Crownlay the Hill Orc Fighter began the quest for the Orb.
     0 | D:1      | Reached XP level 1. HP: 19/19 MP: 1/1
   148 | D:1      | Reached XP level 2. HP: 26/27 MP: 2/2
   851 | D:2      | Found a faded altar of an unknown god.
   956 | D:2      | Noticed Robin
   962 | D:2      | Reached XP level 3. HP: 30/33 MP: 3/3
   970 | D:2      | Killed Robin
  1249 | D:2      | Found the +7 Throatcutter {drain, coup de grace}
  1307 | D:2      | Reached XP level 4. HP: 38/40 MP: 4/4
  1434 | D:2      | Found a runed translucent door.
  1435 | D:2      | Noticed Crazy Yiuf
  1566 | D:2      | Reached skill level 1 in Long Blades
  1754 | D:2      | Killed Crazy Yiuf
  1855 | D:3      | Reached skill level 2 in Long Blades
  2478 | D:4      | Reached XP level 5. HP: 40/46 MP: 5/5
  2666 | D:4      | Reached skill level 3 in Long Blades
  2759 | D:4      | Found a basalt altar of Yredelemnul.
  2800 | D:4      | Reached XP level 6. HP: 50/52 MP: 6/6
  2852 | D:4      | Reached skill level 4 in Long Blades
  2860 | D:4      | Reached skill level 5 in Shields
  3303 | D:5      | Entered Level 5 of the Dungeon
  3366 | D:5      | Found a radiant altar of Vehumet.
  3437 | D:5      | Found an ornate altar of the Wu Jian Council.
  3468 | D:5      | Noticed Sigmund
  3471 | D:5      | Killed Sigmund
  3472 | D:5      | Reached skill level 5 in Long Blades
  3472 | D:5      | Reached XP level 7. HP: 59/59 MP: 7/7
  3810 | D:6      | Reached skill level 6 in Long Blades
  4148 | D:6      | Noticed a steam dragon
  4152 | D:6      | Killed a steam dragon
  4153 | D:6      | Reached skill level 7 in Long Blades
  4153 | D:6      | Reached skill level 1 in Throwing
  4153 | D:6      | Reached XP level 8. HP: 66/66 MP: 8/8
  4157 | D:6      | Found a burning altar of Makhleb.
  4442 | D:6      | Reached skill level 8 in Long Blades
  4747 | D:6      | Noticed Prince Ribbit
  4749 | D:6      | Killed Prince Ribbit
  4750 | D:6      | Reached skill level 9 in Long Blades
  4750 | D:6      | Reached XP level 9. HP: 71/71 MP: 9/9
  5162 | D:7      | Reached skill level 1 in Invocations
  5203 | D:7      | Reached skill level 10 in Long Blades
  5563 | D:7      | Found a staircase to the Ecumenical Temple.
  5572 | Temple   | Entered the Ecumenical Temple
  5614 | Temple   | Became a worshipper of Warmaster Okawaru
  5984 | D:8      | Reached skill level 5 in Fighting
  6160 | D:8      | Reached * piety under Okawaru
  6389 | D:8      | Noticed a troll
  6406 | D:8      | Killed a troll
  6407 | D:8      | Reached skill level 11 in Long Blades
  6407 | D:8      | Reached XP level 10. HP: 83/83 MP: 13/13
  6945 | D:9      | Found a white marble altar of Elyvilon.
  6953 | D:9      | Reached skill level 5 in Invocations
  6955 | D:9      | Reached ** piety under Okawaru
  7157 | D:9      | Found Heirani's Magic Scroll Boutique.
  7175 | D:9      | Bought a scroll of identify for 26 gold pieces
  7175 | D:9      | Bought a scroll of poison for 52 gold pieces
  7175 | D:9      | Bought a scroll of blinking for 97 gold pieces
  7365 | D:9      | Reached skill level 12 in Long Blades
  7716 | D:10     | Entered Level 10 of the Dungeon
  7716 | D:10     | Noticed a death yak
  7783 | D:10     | Found a shadowy altar of Dithmenos.
  7915 | D:10     | Killed a death yak
  7915 | D:10     | Reached *** piety under Okawaru
  7923 | D:10     | Noticed a two-headed ogre
  7931 | D:10     | Killed a two-headed ogre
  7931 | D:10     | Received a gift from Okawaru
  7932 | D:10     | HP: 2/88 [troll (10)]
  7936 | D:10     | Slain by a troll

Illustrated notes

Levels and vault maps discovered:
D:1:      minmay_arrival_arboretum_small, layout_basic, palyth_stone_intersect
D:2:      minmay_general_purpose_star, layout_basic,
          ebering_ecumenical_altar_rust, uniq_robin, uniq_crazy_yiuf_cottage
D:3:      layout_loops_ring
D:4:      corexii_shack_village, layout_loops_cross,
          yredelemnul_forgotten_temple_becter,
          nicolae_concentric_dashed_squares_wild, amcnicky_mini_corridor_feature
D:5:      nicolae_cairo_tiling_large, layout_rooms, nicolae_vehumet_altar_sigil,
          pdpol_wu_jian_five_deadly_venoms, hangedman_decor_points, uniq_sigmund
D:6:      minmay_razor_zed, layout_cave_pools, lightli_temple_of_fire,
          nrook_mini_backslash, uniq_prince_ribbit1
D:7:      layout_cave_pods, minmay_temple_entry_offerings
D:8:      layout_basic, st_stairs_14
D:9:      layout_basic, elyvilon_altar_1, serial_shops,
          nicolae_shop_rolling_square
D:10:     layout_big_octagon, mainiacjoe_overflow_alcove_4,
          nicolae_overflow_crystal_walls, lemuel_doored_altar, enter_bailey_8,
          serial_ice, serial_ice_f, serial_ice_a, serial_ice_k, serial_ice_c,
          serial_ice_e, serial_ice_o, serial_ice_n, serial_ice_h, uniq_erica
Temple:   dpeg_chambers_temple

Skill      XL: |  1  2  3  4  5  6  7  8  9 10 |
---------------+-------------------------------+-----
Axes           | 3 4 |  4.4
Fighting       | 4 5 7 |  7.7
Shields        | 4 5 6 7 8 |  8.5
Long Blades    | 2 3 5 7 9 11 12 | 12.6
Throwing       | 1 2 |  2.0
Invocations    | 4 7 |  7.0
Armour         | |  3.2

Action                     |  1- 3 |  4- 6 |  7- 9 | 10-12 || total
---------------------------+-------+-------+-------+-------++-------
  Melee: War axe           |    85 |       |       |       ||    85
         Long sword        |     6 |    86 |   138 |    89 ||   319
  Throw: Boomerang         |       |     1 |    21 |     5 ||    27
         Dart              |       |       |     5 |       ||     5
 Invoke: Heroism           |       |       |       |     1 ||     1
  Evoke: Wand              |       |     1 |     1 |     1 ||     3
    Use: Scroll            |       |     2 |       |     5 ||     7
         Potion            |       |       |       |     2 ||     2
   Stab: Sleeping          |       |     1 |       |       ||     1
         Paralysed         |       |     1 |     3 |     4 ||     8
 Armour: Scale mail        |     9 |       |       |       ||     9
         Leather armour    |    31 |    33 |    46 |    23 ||   133
  Dodge: Dodged            |    44 |    44 |    42 |    46 ||   176
  Block: Buckler           |    19 |    21 |    29 |    14 ||    83

Table legend: (Time is in decaauts)
 A = Elapsed time spent in this place.
 B = Non-inter-level travel time spent in this place.
 C = Inter-level travel time spent in this place.
 D = Time resting spent in this place.
 E = Time spent auto-exploring this place.
 F = Levels seen in this place.
 G = Mean time per level.
                   A        B        C        D        E       F      G
               +--------+--------+--------+--------+--------+-----+--------+
         Total |   7986 |   7651 |    335 |    156 |   5162 |  11 |  726.0 |
       Dungeon |   7916 |   7607 |    309 |    156 |   5162 |  10 |  791.6 |
        Temple |     69 |     43 |     26 |      0 |      0 |   1 |   69.0 |
               +--------+--------+--------+--------+--------+-----+--------+

Top non-repeatable levels by time:
     D:2: 1026 daAuts
     D:7: 1023 daAuts
     D:6: 1015 daAuts
     D:9: 958 daAuts
     D:4: 905 daAuts
     D:8: 887 daAuts
     D:1: 843 daAuts
     D:3: 584 daAuts
     D:5: 500 daAuts
    D:10: 172 daAuts
  Temple: 69 daAuts
